 Dungeon Crawl Stone Soup version 0.29-a0-330-g52719c12eb (webtiles) character file.

Game seed: 14081943855260916386

10 Iscandelvey the Vexing (level 2, 21/21 HPs)
             Began as a Demonspawn Arcane Marksman on Apr 14, 2022.
             Quit the game on level 1 of the Dungeon.
             The game lasted 00:00:17 (511 turns).

Iscandelvey the Vexing (Demonspawn Arcane Marksman)  Turns: 511, Time: 00:00:18

Health: 21/21      AC:  2    Str: 10    XL:     2   Next: 10%
Magic:  3/3        EV: 12    Int: 14    God:
Gold:   74         SH:  0    Dex: 13    Spells: 2/3 levels left

rFire   . . .      SeeInvis .   a - +0 hunting sling
rCold   . . .      Faith    .   (no shield)
rNeg    . . .      Spirit   .   b - +0 robe
rPois   .          Reflect  .   (no helmet)
rElec   .          Harm     .   (no cloak)
rCorr   .          Rampage  .   (no gloves)
Will    .....                   (no boots)
Stlth   +.........              (no amulet)
HPRegen 0.07/turn               (no ring)
MPRegen 0.08/turn               (no ring)

@: no status effects
A: foul stench 1
a: no special abilities


You were on level 1 of the Dungeon.
You visited 1 branch of the dungeon, and saw 1 of its levels.

You collected 74 gold pieces.

Inventory:

Hand Weapons
 a - a +0 hunting sling (weapon)
Armour
 b - a +0 robe (worn)
Jewellery
 h - a +4 ring of evasion
Scrolls
 c - a scroll of vulnerability
 d - a scroll of identify {unknown}
 e - 3 scrolls of enchant armour {unknown}
 f - a scroll of fog {unknown}
 g - a scroll of teleportation {unknown}
 i - a scroll of torment {unknown}


   Skills:
 + Level 1.2 Fighting
 + Level 1.9 Slings
 + Level 2.0 Dodging
 + Level 1.2 Spellcasting
 + Level 3.1 Hexes


You had 2 spell levels left.
You knew the following spells:

 Your Spells              Type           Power      Damage    Failure   Level
a - Slow                  Hex            36%        N/A       7%          1

Your spell library contained the following spells:

 Spells                   Type           Power      Damage    Failure   Level
 Scorch                   Fire           0%         2d5       36%         2
 Inner Flame              Hex/Fire       5%         N/A       38%         3
 Portal Projectile        Hex/Tloc       10%        N/A       38%         3
 Cause Fear               Hex            4%         N/A       56%         4
 Animate Dead             Necr           0%         N/A       95%         4
 Flame Wave               Conj/Fire      0%         2d4       95%         4
 Summon Cactus Giant      Summ           0%         N/A       100%        6
 Haunt                    Necr/Summ      0%         N/A       100%        7
 Infestation              Necr           0%         N/A       100%        8


Dungeon Overview and Level Annotations

Branches:
Dungeon (1/15)

Altars:


Innate Abilities, Weirdness & Mutations

You may rarely emit foul miasma when damaged in melee.


Message History

You kill the quokka!
You have reached level 2!
Your demonic ancestry asserts itself...
You begin to emit a foul stench of rot and decay.
You now have 47 gold pieces (gained 6).
You see here a quokka corpse.
h - a +4 ring of evasion No target in view!
A hobgoblin comes into view.
A hobgoblin is nearby!
You shoot a sling bullet. The sling bullet hits the hobgoblin.
The hobgoblin shouts!
The hobgoblin is moderately wounded.
A hobgoblin is nearby!
You shoot a sling bullet. The sling bullet hits the hobgoblin.
The hobgoblin is heavily wounded.
A hobgoblin is nearby!
You shoot a sling bullet.
The sling bullet barely misses the hobgoblin.
A hobgoblin is nearby!
You shoot a sling bullet.
The sling bullet completely misses the hobgoblin.
You shoot a sling bullet. The sling bullet hits the hobgoblin.
You kill the hobgoblin!
Your Dodging skill increases to level 2!
You open the door.
There is an open door here.
You now have 59 gold pieces (gained 12).
i - a scroll labelled JAUNOGREFY No target in view!
You open the door.
There is an open door here.
Found a ring mail.
No target in view!
You now have 74 gold pieces (gained 15).
You see here a +0 ring mail.
There is an open door here.
You pick up a book of Death and begin reading...
You add the spells Animate Dead, Haunt and Infestation to your library.
Are you sure you want to abandon this character and quit the game? (Confirm with "yes".)

#.# #.# #.# #.# #.# #.# #.#
#.. +.. # ##. ###.#+#+#+## ##
.......@...# # ...........# #
.....?.....# .#
###........###.##
#....###......# #....
#....#.#. #.... #....#...#
##### #.... #....##..#
#...############....##..######


There were no monsters in sight!

Vanquished Creatures
  An endoplasm (D:1)
  3 giant cockroaches (D:1)
  A hobgoblin (D:1)
  A quokka (D:1)
  A ball python (D:1)
  A bat (D:1)
  A goblin (D:1)
9 creatures vanquished.

Notes
Turn   | Place    | Note
-------+----------+-------------------------------------------
     0 | D:1      | Iscandelvey the Demonspawn Arcane Marksman began the quest
                  | for the Orb.
     0 | D:1      | Reached XP level 1. HP: 15/15 MP: 2/2
   386 | D:1      | Gained mutation: You may rarely emit foul miasma when
                  | damaged in melee. [demonic ancestry]
   386 | D:1      | Reached XP level 2. HP: 21/21 MP: 3/3
   511 | D:1      | Quit the game

Illustrated notes

Levels and vault maps discovered:
D:1:      roderic_octagonal_star, layout_basic

Skill      XL: |  1  2 |
---------------+-------+-----
Dodging        | 2 |  2.0
Fighting       | |  1.2
Slings         | |  1.9
Spellcasting   | |  1.2
Hexes          | |  3.1

Action                   || total
-------------------------++-------
 Fire: Hunting sling     ||    25
Armor: Robe              ||     2
Dodge: Dodged            ||     2

Table legend: (Time is in decaauts)
 A = Elapsed time spent in this place.
 B = Non-inter-level travel time spent in this place.
 C = Inter-level travel time spent in this place.
 D = Time resting spent in this place.
 E = Time spent auto-exploring this place.
 F = Levels seen in this place.
 G = Mean time per level.
                   A        B        C        D        E       F      G
               +--------+--------+--------+--------+--------+-----+--------+
         Total |    521 |    521 |      0 |      0 |    465 |   1 |  521.0 |
       Dungeon |    521 |    521 |      0 |      0 |    465 |   1 |  521.0 |
               +--------+--------+--------+--------+--------+-----+--------+

Top non-repeatable levels by time:
     D:1: 521 daAuts
